Map: King's Cove LE

Players

Lambo - Winner!

  • Race: Zerg Zerg
  • Spawn Location: 11:00

souL

  • Race: Terran Terran
  • Spawn Location: 5:00

Event: 2019 WCS Spring

VOD

Have the link to the VOD?

Description

Time

  • Played on: May 17, 2019, 11:53 a.m.
  • Length: 13:11

All games in this series

Show
View Real Time Build Order
Export as new Build Order

Lambo Zerg - Winner!

Build Orders: Hatch First 

Get SALT Encoding   

  12  0:01  Drone  
  13  0:12  Overlord  
  13  0:17  Drone  
  14  0:30  Drone x2  
  16  0:49  Hatchery  
  15  0:52  Drone  
  15  0:56  Drone  
  17  0:59  Drone  
  18  1:10  Extractor  
  17  1:14  Spawning Pool  
  17  1:18  Drone  
  17  1:21  Drone  
  18  1:29  Drone  
  19  1:39  Drone  
  20  1:49  Overlord  
  20  2:01  Queen x2  
  20  2:03  Zergling x4  
  26  2:12  Drone  
  26  2:13  Drone  
  26  2:14  Metabolic Boost  
  28  2:21  Drone  
  30  2:22  Drone  
  30  2:39  Hatchery  
  30  2:43  Drone  
  30  2:45  Drone  
  30  2:48  Drone  
  32  2:52  Pneumatized Carapace  
  32  2:57  Overlord  
  32  3:00  Drone  
  32  3:05  Drone  
  34  3:07  Drone  
  36  3:12  Drone  
  36  3:17  Drone x3  
  39  3:21  Queen  
  39  3:24  Overlord  
  41  3:28  Drone  
  41  3:29  Drone x2  
  44  3:41  Queen  
  44  3:45  Zergling x8  
  50  3:50  Overlord  
  50  3:54  Drone x2  
  50  3:55  Drone  
  53  3:56  Queen  
  55  4:03  Queen  
  55  4:04  Overlord  
  55  4:06  Drone  
  58  4:13  Drone x2  
  58  4:15  Drone x2  
  58  4:17  Drone x2  
  64  4:22  Evolution Chamber, Drone x2  
  65  4:25  Drone  
  65  4:28  Drone x3  
  65  4:30  Drone  
  70  4:33  Drone  
  70  4:35  Overlord  
  71  4:39  Evolution Chamber  
  71  4:41  Overlord  
  71  4:42  Extractor  
  71  4:43  Extractor  
  68  4:46  Drone x2  
  68  4:48  Zerg Ground Armor Level 1  
  70  4:53  Drone x3  
  73  5:00  Hatchery  
  73  5:03  Drone x3  
  73  5:06  Drone x2  
  77  5:07  Drone x2  
  77  5:09  Zerg Melee Weapons Level 1  
  77  5:13  Drone  
  80  5:15  Baneling Nest  
  80  5:16  Drone x2  
  80  5:19  Extractor, Drone x2  
  80  5:20  Extractor  
  81  5:26  Lair  
  81  5:33  Drone  
  81  5:34  Drone x2  
  85  5:35  Zergling x12  
  85  5:36  Overlord  
  85  5:41  Overlord x2  
  90  5:43  Overlord  
  90  5:46  Overlord  
  90  5:54  Overlord  
  90  5:55  Overlord  
  90  5:59  Baneling x8  
  90  6:00  Queen  
  90  6:02  Zergling x8  
  96  6:07  Zergling x8  
  96  6:08  Baneling x2  
  96  6:09  Zergling x2  
  96  6:10  Zergling x2  
  102  6:14  Zergling x8  
  102  6:16  Drone  
  107  6:23  Drone x4  
  107  6:25  Centrifical Hooks  
  110  6:28  Hydralisk Den, Drone  
  110  6:29  Drone x2  
  110  6:30  Zergling x4  
  114  6:38  Drone x4  
  114  6:39  Queen  
  120  6:40  Extractor  
  120  6:44  Overlord  
  120  6:45  Overlord  
  117  6:48  Zergling x4  
  117  6:52  Drone  
  117  6:53  Zerg Ground Armor Level 2  
  120  6:57  Zergling x12  
  120  7:01  Zergling x6  
  129  7:02  Baneling x4  
  129  7:04  Zergling x2  
  129  7:05  Zergling x2  
  129  7:06  Zergling x2  
  132  7:12  Zergling x2  
  132  7:15  Zergling x8  
  116  7:17  Zergling x2  
  116  7:18  Zergling x2  
  116  7:19  Baneling x12  
  116  7:20  Zergling x2  
  117  7:27  Zergling x16  
  122  7:31  Zergling x2  
  122  7:33  Zergling x2  
  124  7:37  Zergling x8  
  124  7:40  Zergling x2  
  124  7:44  Zergling x4  
  121  7:48  Zerg Melee Weapons Level 2  
  121  7:50  Drone x4  
  121  7:52  Infestation Pit  
  121  7:53  Hydralisk  
  121  7:54  Hydralisk x4  
  121  7:57  Zergling x2  
  122  7:59  Queen  
  122  8:00  Zergling x2  
  122  8:03  Zergling x2  
  126  8:07  Grooved Spines  
  126  8:09  Zergling x4  
  129  8:12  Zergling x2  
  129  8:15  Zergling x6  
  129  8:16  Baneling  
  129  8:17  Baneling  
  129  8:20  Zergling x12  
  129  8:23  Zergling x2  
  129  8:25  Zergling x2  
  128  8:31  Hive  
  128  8:33  Zergling x12  
  132  8:38  Drone  
  129  8:41  Hatchery  
  129  8:42  Hydralisk x2  
  129  8:46  Hydralisk  
  133  8:51  Zergling x14  
  140  8:55  Zergling x2  
  140  8:56  Zergling x2  
  140  9:02  Hydralisk x2  
  142  9:07  Zergling x6  
  148  9:11  Zerg Missile Weapons Level 1  
  148  9:13  Zergling x12  
  154  9:18  Muscular Augments  
  154  9:21  Drone x2  
  154  9:22  Zergling x6  
  159  9:24  Overlord  
  159  9:25  Overlord  
  159  9:29  Overlord  
  157  9:32  Zergling x8  
  156  9:40  Hydralisk x2  
  156  9:44  Overlord, Baneling x6  
  160  9:51  Zergling x16  
  167  10:03  Viper x3, Adrenal Glands  
  167  10:04  Zerg Ground Armor Level 3  
  167  10:05  Ultralisk Cavern, Drone x2  
  167  10:06  Drone  
  178  10:09  Extractor  
  176  10:15  Hatchery  
  175  10:21  Zergling x24  
  175  10:27  Drone x7  
  183  10:32  Hydralisk Den  
  180  10:49  Viper  
  175  10:52  Zergling x22  
  189  11:08  Overlord  
  188  11:14  Zergling x12  
  188  11:17  Zergling x2  
  189  11:21  Overlord, Baneling x19  
  189  11:23  Baneling x8  
  189  11:25  Overlord  
  189  11:28  Baneling x6  
  189  11:29  Zergling x22  
  170  11:47  Hydralisk x12  
  170  11:53  Hydralisk x2  
  191  11:54  Zergling x14  
  191  11:59  Baneling x4  
  191  12:00  Hatchery  
  195  12:02  Zergling x10  
  200  12:11  Zergling x4  
  200  12:13  Zergling x4  
  200  12:14  Baneling x9  
  199  12:26  Baneling x8  
  199  12:27  Overlord  
  199  12:29  Overlord  
  199  12:30  Overlord  
  199  12:33  Overlord  
  199  12:41  Zergling x10  
  193  12:48  Zergling x32  
  186  12:51  Zergling x6  
  186  12:52  Zergling x4  
  186  12:53  Zergling x2  
  186  12:54  Zergling x2  
Show
View Real Time Build Order
Export as new Build Order

souL Terran 

Build Orders: Command Center First (CC) 

Get SALT Encoding   

  12  0:00  SCV  
  13  0:12  SCV  
  14  0:17  Supply Depot  
  14  0:25  SCV  
  15  0:39  SCV  
  16  0:51  SCV  
  17  1:00  Command Center  
  17  1:04  SCV  
  18  1:12  Refinery  
  18  1:16  SCV  
  19  1:23  Barracks  
  19  1:28  SCV  
  20  1:40  SCV  
  21  1:58  SCV  
  22  2:10  Marine  
  22  2:11  Orbital Command  
  22  2:13  Orbital Command, Factory  
  23  2:25  Supply Depot  
  23  2:31  Barracks Reactor  
  23  2:37  SCV  
  23  2:39  SCV  
  25  2:48  Command Center  
  25  2:51  SCV  
  25  2:54  SCV  
  27  3:01  Barracks  
  27  3:03  SCV  
  28  3:06  SCV  
  28  3:07  Marine x2  
  28  3:09  Factory Tech Lab  
  31  3:15  SCV, Supply Depot  
  31  3:18  SCV  
  35  3:27  SCV  
  35  3:30  SCV  
  35  3:31  Barracks  
  35  3:38  Stimpack, Marine  
  35  3:39  Factory Reactor  
  35  3:40  SCV  
  37  3:42  SCV  
  37  3:46  Refinery  
  38  3:49  Refinery  
  38  3:52  SCV  
  38  3:54  SCV  
  40  3:56  Refinery, Marine  
  40  4:00  Supply Depot  
  41  4:04  SCV, Orbital Command  
  41  4:06  SCV  
  43  4:12  Starport  
  43  4:16  SCV  
  44  4:19  SCV  
  45  4:25  Engineering Bay x2  
  45  4:26  Factory Reactor  
  45  4:28  SCV, Marine  
  45  4:31  SCV x2  
  49  4:33  Marine x2  
  49  4:35  Marine  
  49  4:36  Marine  
  53  4:41  SCV, Bunker  
  53  4:45  SCV  
  55  4:46  Marine  
  55  4:47  SCV  
  55  4:50  Marine  
  55  4:52  Terran Infantry Weapons Level 1, Terran Infantry Armor Level 1  
  58  4:54  Marine  
  58  4:59  Marine x2  
  61  5:00  Supply Depot  
  61  5:05  SCV  
  62  5:07  Medivac x2  
  62  5:08  Factory Tech Lab  
  62  5:09  Orbital Command  
  62  5:11  SCV  
  62  5:12  Supply Depot, Marine  
  68  5:14  Marine  
  68  5:17  Marine  
  68  5:19  SCV  
  71  5:21  Supply Depot  
  71  5:24  SCV  
  71  5:26  Supply Depot  
  71  5:29  Siege Tank  
  71  5:31  SCV  
  71  5:33  Marine  
  71  5:34  Marine  
  71  5:35  SCV  
  78  5:36  SCV  
  78  5:38  Marine  
  78  5:39  Combat Shield, Marine  
  81  5:43  SCV  
  81  5:44  Marine  
  81  5:47  SCV  
  81  5:48  SCV  
  85  5:51  Marine x2  
  85  5:53  Supply Depot  
  85  5:55  SCV  
  85  5:56  Marine x2  
  90  5:57  Medivac  
  90  5:59  SCV, Medivac  
  90  6:01  Siege Tank  
  90  6:04  Marine  
  98  6:09  Marine x2  
  98  6:10  SCV, Supply Depot  
  102  6:14  Armory, SCV, Marine  
  102  6:16  SCV  
  102  6:17  Supply Depot  
  105  6:22  SCV, Marine  
  105  6:24  Marine  
  108  6:26  SCV  
  108  6:27  Marine x2  
  108  6:28  SCV  
  108  6:31  Marine  
  113  6:39  Barracks  
  113  6:40  Marine  
  113  6:42  Marine  
  113  6:45  Marine x2  
  117  6:49  Marine  
  117  6:52  Siege Tank  
  117  6:53  Barracks  
  121  6:58  Marine  
  121  6:59  Marine  
  123  7:02  Marine  
  123  7:03  Command Center, Marine  
  123  7:04  Terran Infantry Weapons Level 2, Terran Infantry Armor Level 2  
  123  7:07  Marine  
  122  7:16  Marine  
  122  7:17  Marine  
  122  7:20  Marine x2  
  126  7:24  Siege Tank  
  126  7:25  Marine  
  128  7:30  Medivac  
  128  7:34  Marine  
  128  7:35  Marine  
  131  7:38  Marine x2  
  131  7:43  Marine  
  108  7:51  Marine, Barracks Reactor x2  
  108  7:52  SCV  
  108  7:53  Marine  
  108  7:56  Siege Tank, Marine x2  
  110  8:00  Marine  
  110  8:03  Barracks  
  111  8:05  Barracks  
  111  8:06  Refinery x2  
  111  8:07  Factory, Barracks  
  111  8:09  Medivac, Marine  
  111  8:11  Marine  
  115  8:13  SCV x3  
  115  8:14  Marine x2  
  115  8:18  Marine  
  114  8:25  SCV x3  
  109  8:27  Marine  
  109  8:28  Siege Tank, Marine  
  109  8:29  Marine  
  109  8:30  Marine  
  109  8:31  Medivac  
  109  8:32  Marine x2  
  120  8:36  Marine  
  120  8:37  Planetary Fortress, SCV x3  
  120  8:40  Marine  
  125  8:45  Marine  
  125  8:46  Marine  
  124  8:49  SCV x3, Concussive Shells, Marine x2  
  129  9:01  SCV x3, Marine  
  129  9:02  Marine  
  133  9:05  Marauder  
  136  9:12  Sensor Tower, Command Center  
  136  9:13  SCV x3  
  139  9:17  Supply Depot  
  139  9:18  Supply Depot  
  139  9:19  Supply Depot  
  139  9:20  Barracks Tech Lab x3  
  139  9:24  Terran Infantry Weapons Level 3  
  139  9:25  SCV x3  
  139  9:26  Marauder  
  144  9:37  SCV  
  144  9:38  SCV x2, Siege Tank, Marine  
  148  9:40  Marauder x3  
  154  9:47  Marauder  
  154  9:48  Marine x7  
  154  9:49  SCV  
  154  9:50  SCV  
  154  9:52  Terran Infantry Armor Level 3  
  165  9:59  Refinery  
  165  10:00  Refinery  
  165  10:01  Marauder, Factory Tech Lab, Supply Depot  
  165  10:02  Supply Depot x2  
  165  10:04  Marauder, Marine  
  170  10:08  Terran Vehicle And Ship Armor Level 1  
  170  10:10  Marauder  
  172  10:23  Marauder x2, Marine x4  
  172  10:25  Marauder  
  180  10:30  Siege Tank  
  180  10:31  Marine  
  180  10:32  Marauder  
  180  10:34  Marine  
  185  10:35  Marine  
  185  10:38  Marine  
  185  10:40  Siege Tank  
  190  10:45  Marauder x2, Marine  
  190  10:46  Marauder  
  190  10:47  Marine  
  194  10:52  Medivac x2  
  194  10:53  Marauder  
  200  11:02  Command Center  
  200  11:03  Marine  
  195  11:06  Marauder x2  
  195  11:08  Marauder  
  197  11:12  Ghost Academy  
  197  11:15  Marauder  
  197  11:16  Marine  
  200  11:20  Marine  
  199  11:26  Planetary Fortress  
  199  11:27  Ghost Academy  
  199  11:28  Fusion Core, Starport x2, Marine  
  144  11:47  Marine  
  144  11:49  Marine  
  144  11:51  Medivac x2, Marine  
  144  11:53  Siege Tank  
  142  12:03  Ghost x4, Marine x5  
  142  12:04  Marine  
  142  12:07  Marine  
  144  12:09  Marine  
  141  12:20  Orbital Command  
  141  12:21  Command Center, Marine x5  
  141  12:22  Marine  
  146  12:25  Command Center, Marine  
  146  12:26  Command Center  
  146  12:27  Marine  
  149  12:32  Marauder x2, Marine  
  149  12:33  Missile Turret  
  149  12:34  Missile Turret  
  149  12:35  Missile Turret x2  
  154  12:38  Marauder  
  154  12:39  Marine x2  
  154  12:41  Marine  
  154  12:44  Marine  
  152  12:45  Marine  
  152  12:47  Marine x2  
  152  12:48  Marine  
  152  12:49  Marine  
  130  12:53  Marine x2  
Tags
 
Add a new tag
Caveats
  • Supply blocks, unpowered buildings, or Contaminate may cause inaccurate times.
  • Supply counts are checked every 10 seconds.